 Seeded DCSS version 0.29-a0-923-g6e406bff71 (webtiles) character file.

Game seed: 20220728 (custom seed)

735 purpskrrrp the Cudgeller (level 7, -2/43 HPs)
             Began as a Gargoyle Monk on July 28, 2022.
             Was a Priest of Qazlal.
             Killed by divine providence
             ... invoked by an orc priest
              (17 damage)
             ... on level 5 of the Dungeon.
             The game lasted 00:10:43 (3835 turns).

purpskrrrp the Cudgeller (Gargoyle Monk)            Turns: 3835, Time: 00:10:44

Health: -2/43      AC: 14    Str: 17    XL:     7   Next: 74%
Magic:  9/9        EV: 12    Int: 10    God:    Qazlal [***...]
Gold:   207        SH:  4    Dex: 12    Spells: 6/6 levels left

rFire   . . .      SeeInvis .   a - +0 mace (freeze)
rCold   . . .      Faith    .   (no shield)
rNeg    + . .      Spirit   .   d - +2 acid dragon scales
rPois   ∞          Reflect  .   s - +0 helmet
rElec   +          Harm     .   (no cloak)
rCorr   +          Rampage  .   (no gloves)
Will    .....                   (no boots)
Stlth   +.........              (no amulet)
HPRegen 0.14/turn               (no ring)
MPRegen 0.11/turn               (no ring)

@: silenced
A: sickness immunity, AC +4, negative energy resistance 1, electricity
resistance, torment resistance 1, petrification resistance
a: Renounce Religion


You were on level 5 of the Dungeon.
You worshipped Qazlal.
Qazlal was most pleased with you.
You visited 1 branch of the dungeon, and saw 5 of its levels.

You collected 207 gold pieces.

Inventory:

Hand Weapons
 a - a +0 mace of freezing (weapon)
 v - a +1 falchion of holy wrath
Missiles
 i - 6 boomerangs (quivered)
 p - 3 javelins
Armour
 b - a +0 robe
 d - +2 acid dragon scales (worn)
 g - a +0 scale mail of fire resistance
 s - a +0 helmet (worn)
Wands
 k - a wand of digging (4)
 t - a wand of roots (8)
 x - a wand of charming (10)
Scrolls
 e - a scroll of immolation
 h - a scroll of fog
 l - 2 scrolls of blinking
 m - a scroll of amnesia
 o - 2 scrolls of magic mapping
 q - a scroll of fear
 r - a scroll of silence
 w - a scroll of teleportation
Potions
 c - a potion of ambrosia


   Skills:
 + Level 4.2 Fighting
 * Level 6.2 Maces & Flails
 + Level 3.1 Armour
 + Level 3.3 Dodging
 + Level 3.3 Stealth
 + Level 1.0 Shields
 * Level 2.8 Invocations


You had 6 spell levels left.
You didn't know any spells.
Your spell library was empty.

Dungeon Overview and Level Annotations

Branches:
Dungeon (5/15)
 Temple: D:4-7

Altars:
Qazlal
Trog

Annotations:
D:3 3 runed translucent doors, turdburglar's ghost, amateur GnFi


Innate Abilities, Weirdness & Mutations

You are immune to sickness and miasma.
Your stone body is resilient. (AC +4)
You are immune to poison.
You resist negative energy. (rN+)
You are resistant to electric shocks. (rElec)
You are resistant to unholy torment.
You are immune to petrification.


Message History

You hit something but do no damage. The orc closely misses you.
You block something's attack.
The orc priest hits you but does no damage.
The hound bites you but does no damage.
You closely miss something. The hound bites you. The orc misses you.
Something hits you but does no damage. You block the orc priest's attack.
The hound closely misses you.
You closely miss something. The hound closely misses you.
The orc is engulfed in blazing flames.
You kill the orc!
Qazlal accepts your kill. Something hits you but does no damage.
You block the orc priest's attack.
You hit something. You freeze something.
The hound is engulfed in freezing vapours.
The hound closely misses you.
The orc priest hits you from afar with a +0 trident.
* * * LOW HITPOINT WARNING * * *
Something hits you but does no damage.
The hound is engulfed in freezing vapours.
You kill the hound!
Qazlal accepts your kill. The orc priest barely misses you. Something hits you.
* * * LOW HITPOINT WARNING * * *
It was a potion of curing.
You feel better. The orc priest misses you.
Something hits you but does no damage.
Magic scrolls do not work when you're silenced!
You miss something. You block something's attack.
You block the orc priest's attack.
You feel better. Something hits you but does no damage.
The orc priest hits you but does no damage.
You closely miss something. Something barely misses you.
The orc priest hits you from afar with a +0 trident.
You sock something! You freeze something. Qazlal accepts your kill.
Reactivating autopickup.
You feel a bit more experienced. The scorpion stings you.
You block the orc priest's attack. The scorpion closely misses you.
The orc priest invokes the aid of Beogh against you.
Beogh smites you!
You die...

#. #. #.. . .. .. .#
... ##.# ...# #..#...#
..# #@)o.# #.#
#s####... .... #.#
###†)....# .... #.#
#.....#### ..... #.#
#.#####..# ..... #.#
#.# #..# ...... #.#
##.# #..#
......###.###..#####..#
......................#


You could see a scorpion and an orc priest.

Vanquished Creatures
  Eustachio (D:4)
  An acid dragon (D:4)
  A phantom (D:5)
  A scorpion (D:4)
  An orc priest (D:4)
  2 hounds (D:5)
  A jelly (D:5)
  An iguana (D:4)
  3 orc wizards
  3 gnolls (D:2)
  5 adders
  9 orcs
  3 bats
  6 endoplasms
  3 giant cockroaches
  5 goblins
  7 hobgoblins
  6 kobolds
  2 quokkas
  4 ball pythons
  3 rats
68 creatures vanquished.

Vanquished Creatures (others)
  4 fungi (D:3)
4 creatures vanquished.

Grand Total: 72 creatures vanquished

Notes
Turn   | Place    | Note
-------+----------+-------------------------------------------
     0 | D:1      | purpskrrrp the Gargoyle Monk began the quest for the Orb.
     0 | D:1      | Reached XP level 1. HP: 14/14 MP: 1/1
   256 | D:1      | Reached XP level 2. HP: 19/19 MP: 2/2
   337 | D:1      | Found a faded altar of an unknown god.
   387 | D:1      | Prayed at the altar of an unknown god.
   387 | D:1      | Became a worshipper of Qazlal Stormbringer
   387 | D:1      | Reached * piety under Qazlal
   387 | D:1      | Reached ** piety under Qazlal
  1265 | D:2      | Reached XP level 3. HP: 19/23 MP: 3/3
  1400 | D:2      | Reached *** piety under Qazlal
  1679 | D:2      | Reached XP level 4. HP: 15/28 MP: 4/4
  2027 | D:3      | Found a runed translucent gate.
  2027 | D:3      | Noticed a kobold brigand
  2029 | D:3      | Noticed turdburglar's ghost (amateur GnFi)
  2030 | D:3      | Found a runed translucent gate.
  2257 | D:3      | Found a runed translucent gate.
  2762 | D:4      | Reached skill level 4 in Maces & Flails
  2789 | D:4      | Noticed a scorpion
  2800 | D:4      | Killed a scorpion
  2801 | D:4      | Reached skill level 1 in Armour
  2801 | D:4      | Reached skill level 1 in Invocations
  2801 | D:4      | Reached XP level 5. HP: 26/33 MP: 5/5
  2909 | D:4      | Noticed Eustachio
  2931 | D:4      | Killed Eustachio
  2932 | D:4      | Reached skill level 5 in Maces & Flails
  2932 | D:4      | Reached XP level 6. HP: 38/38 MP: 5/7
  3022 | D:4      | Found a bloodstained altar of Trog.
  3080 | D:4      | Noticed an acid dragon
  3095 | D:4      | Killed an acid dragon
  3096 | D:4      | Reached XP level 7. HP: 43/43 MP: 8/8
  3149 | D:4      | HP: 1/43 [something (3)]
  3647 | D:5      | Entered Level 5 of the Dungeon
  3783 | D:5      | Reached skill level 6 in Maces & Flails
  3819 | D:5      | Reached skill level 1 in Shields
  3835 | D:5      | Killed from afar by an orc priest

Illustrated notes

Levels and vault maps discovered:
D:1:      dpeg_arrival_erosion, layout_basic, ebering_ecumenical_altar_abandoned
D:2:      layout_basic
D:3:      layout_loops_ring, gammafunk_ghost_nasty_kobolds
D:4:      layout_gridville, lemuel_tele_altar, st_stairs_3, uniq_eustachio
D:5:      minmay_evil_eye, layout_basic, serial_shops, nicolae_diamond_shop,
          shop_fountains, shop, shop, nicolae_shop_advertising_works
          [nicolae_subvault_shop_adworks]

Skill      XL: |  1  2  3  4  5  6  7 |
---------------+----------------------+-----
Stealth        | 3 |  3.3
Dodging        | 3 |  3.3
Maces & Flails | 4 5 6 |  6.2
Armour         | 1 2 3 |  3.1
Invocations    | 1 2 |  2.8
Fighting       | 4 |  4.2
Shields        | 1 |  1.0

Action                   |  1- 3 |  4- 6 |  7- 9 || total
-------------------------+-------+-------+-------++-------
Melee: Mace              |    53 |    80 |    68 ||   201
       Punch             |       |     2 |     2 ||     4
  Use: Scroll            |     1 |       |    12 ||    13
       Potion            |       |     3 |     3 ||     6
 Stab: Sleeping          |     4 |       |       ||     4
       Invisible         |       |     2 |       ||     2
Armor: Robe              |     5 |       |       ||     5
       Scale mail        |    12 |    30 |       ||    42
       Acid dragon scale |       |       |    52 ||    52
Dodge: Dodged            |    29 |    40 |    46 ||   115
Block: Other             |     5 |     9 |    24 ||    38

Table legend: (Time is in decaauts)
 A = Elapsed time spent in this place.
 B = Non-inter-level travel time spent in this place.
 C = Inter-level travel time spent in this place.
 D = Time resting spent in this place.
 E = Time spent auto-exploring this place.
 F = Levels seen in this place.
 G = Mean time per level.
                   A        B        C        D        E       F      G
               +--------+--------+--------+--------+--------+-----+--------+
         Total |   3868 |   3781 |     87 |    138 |   2989 |   5 |  773.6 |
       Dungeon |   3868 |   3781 |     87 |    138 |   2989 |   5 |  773.6 |
               +--------+--------+--------+--------+--------+-----+--------+

Top non-repeatable levels by time:
     D:1: 1068 daAuts
     D:2: 949 daAuts
     D:4: 915 daAuts
     D:3: 743 daAuts
     D:5: 192 daAuts
